 Dungeon Crawl Stone Soup version 0.31-a0-167-g1c394c0614 (webtiles) character file.

Game seed: 3944719820316773762

1705274 ragingrage the Acrobat (level 25, 137/137 HPs)
             Began as a Vine Stalker Wanderer on June 14, 2023.
             Was a Follower of Uskayaw.
             Escaped with the Orb
             ... and 3 runes!
             The game lasted 01:50:15 (62104 turns).

ragingrage the Acrobat (Vine Stalker Wanderer)     Turns: 62104, Time: 01:50:15

Health: 137/137    AC: 20    Str: 18    XL:     25   Next: 93%
Magic:  47/47      EV: 40    Int: 17    God:    Uskayaw [*.....]
Gold:   4635       SH:  8    Dex: 35    Spells: 12/34 levels left

rFire   + . .        a - +8 arc blade {discharge, rElec}
rCold   + . .        b - +0 buckler {reflect}
rNeg    + + +        R - +4 robe of Augmentation {Str+4 Int+4 Dex+4}
rPois   +            u - +2 helmet {SInv}
rElec   +            z - scarf {rC+ rF+}
rCorr   .            D - +2 pair of gloves {Str+3}
SInv    +            M - +2 pair of boots
Will    +++..        d - amulet of Oviski {RegenMP Contam rN+ Dex+6}
Stlth   +++          O - +4 ring of protection
HPRegen 1.22/turn    I - ring "Diemusk" {rPois rN++ MP+9 Str-4 Slay+4}
MPRegen 0.70/turn

%: reflection, guardian spirit
@: no status effects
A: fangs 3, regeneration 1, magic shield, antimagic bite, no potion heal 2,
hooves 1, camouflage 1, electricity resistance, inability to drink after injury
1, MP-powered wands
0: Orb of Zot
}: 3/15 runes: decaying, abyssal, gossamer
a: Renounce Religion, Stomp


You escaped.
You worshipped Uskayaw.
Uskayaw was greatly pleased with you.
You visited 10 branches of the dungeon, and saw 47 of its levels.
You visited the Abyss 3 times.
You visited 1 ziggurat, and saw 3 of its levels.
You also visited: Gauntlet, Ice Cave, Volcano and Desolation.

You collected 7398 gold pieces.
You spent 2763 gold pieces at shops.

Inventory:

Hand Weapons
 a - the +8 arc blade (weapon) {discharge, rElec}
   (You took it off a deep elf zephyrmancer on level 3 of the Elven Halls)

   rElec:     It insulates you from electricity.
 o - the +0 dire flail "Gecrula" {venom, +Blink}
   (You found it on level 1 of the Realm of Zot)

   +Blink:    It lets you blink.
Missiles
 J - 9 curare-tipped darts
 P - 2 throwing nets
Armour
 b - a +0 buckler of reflection (worn)
 u - a +2 helmet of see invisible (worn)
 z - a scarf of resistance (worn)
 C - the +6 scale mail of Compression {rC+ Slay+2}
   (You bought it in a shop on level 1 of the Vaults)

   Slay:      It affects your accuracy & damage with ranged weapons and melee
   (+2).
   rC:        It protects you from cold.
 D - a +2 pair of gloves of strength (worn)
 M - a +2 pair of boots (worn)
 N - a +2 cloak of preservation
 R - the +4 robe of Augmentation (worn) {Str+4 Int+4 Dex+4}
   (You found it on level 1 of the Lair of Beasts)

   Str:       It affects your strength (+4).
   Int:       It affects your intelligence (+4).
   Dex:       It affects your dexterity (+4).
Jewellery
 d - the amulet of Oviski (around neck) {RegenMP Contam rN+ Dex+6}
   (You found it in the Desolation of Salt)

   [amulet of magic regeneration]

   It increases your rate of magic regeneration.
   Dex:       It affects your dexterity (+6).
   rN:        It protects you from negative energy.
   Contam:    It causes magical contamination when unequipped.
 k - the ring "Bihoc" {rElec rF+++ Str-5 Dex+2 SInv}
   (You took it off a vault sentinel on level 4 of the Vaults)

   [ring of see invisible]

   Str:       It affects your strength (-5).
   Dex:       It affects your dexterity (+2).
   rF:        It renders you almost immune to fire.
   rElec:     It insulates you from electricity.
   SInv:      It lets you see invisible.
 I - the ring "Diemusk" (right hand) {rPois rN++ MP+9 Str-4 Slay+4}
   (You took it off a deep elf sorcerer on level 3 of the Elven Halls)

   [ring of poison resistance]

   Str:       It affects your strength (-4).
   Slay:      It affects your accuracy & damage with ranged weapons and melee
   (+4).
   rPois:     It protects you from poison.
   rN:        It greatly protects you from negative energy.
   MP:        It affects your magic capacity (+9).
 O - a +4 ring of protection (left hand)
 S - a ring of protection from cold
Wands
 m - a wand of acid (9)
 y - a wand of charming (50)
 A - a wand of digging (23)
 H - a wand of iceblast (22)
 Z - a wand of flame (65)
Scrolls
 c - 8 scrolls of revelation
 e - 8 scrolls of immolation
 f - 9 scrolls of vulnerability
 n - 6 scrolls of blinking
 q - 2 scrolls of summoning
 t - 7 scrolls of fear
 v - 9 scrolls of fog
 w - 14 scrolls of teleportation
 F - 5 scrolls of silence
 L - 6 scrolls of poison
Potions
 g - 8 potions of mutation
 h - 12 potions of lignification
 i - 3 potions of berserk rage
 j - 4 potions of cancellation
 l - 22 potions of curing
 p - 6 potions of haste
 s - 10 potions of magic
 B - 6 potions of brilliance
 E - 8 potions of ambrosia
 G - 6 potions of resistance
 K - 8 potions of enlightenment
 U - 4 potions of invisibility
 V - 5 potions of might
 X - 8 potions of attraction
Miscellaneous
 r - a phial of floods
 Q - a tin of tremorstones (2/2)
 W - a phantom mirror (inert)
 Y - a lightning rod (4/4)


   Skills:
 + Level 15.6 Fighting
 - Level 14.0 Short Blades
 - Level 6.0 Maces & Flails
 - Level 8.0 Armour
 - Level 21.4 Dodging
 - Level 13.0 Stealth
 - Level 4.0 Shields
 - Level 5.4 Spellcasting
 - Level 4.0 Translocations
 - Level 8.0 Transmutations
 - Level 5.0 Fire Magic
 - Level 3.0 Ice Magic
 - Level 4.0 Air Magic
 - Level 7.0 Earth Magic
 - Level 5.0 Poison Magic
 - Level 21.0 Invocations
 + Level 14.7 Evocations


You had 12 spell levels left.
You knew the following spells:

 Your Spells              Type           Power      Damage    Failure   Level
a - Wereblood             Tmut           31%        N/A       1%          2
b - Passwall              Tmut/Erth      25%        N/A       1%          2
c - Sticky Flame          Conj/Fire      13%        2d4       52%         4
d - Death Channel         Necr           2%         N/A       100%        6
e - Swiftness             Air            18%        N/A       10%         3
f - Ignite Poison         Fire/Tmut/Pois 25%        N/A       4%          3
g - Blink                 Tloc           36%        N/A       4%          2

Your spell library contained the following spells:

 Spells                   Type           Power      Damage    Failure   Level
 Beastly Appendage        Tmut           62%        N/A       1%          1
 Sting                    Tmut/Pois      100%       1d8       1%          1
 Apportation              Tloc           36%        N/A       3%          1
 Freeze                   Ice            56%        1d7       4%          1
 Foxfire                  Conj/Fire      52%        2x1d6     6%          1
 Shock                    Conj/Air       44%        1d5       8%          1
 Cigotuvi's Dreadful Rot  Necr/Pois/Air  28%        N/A       8%          2
 Petrify                  Tmut/Erth      30%        N/A       8%          4
 Volatile Blastmotes      Fire/Tloc      38%        2d13      9%          3
 Gell's Gravitas          Tloc           18%        N/A       10%         3
 Teleport Other           Tloc           18%        N/A       10%         3
 Ensorcelled Hibernation  Hex/Ice        18%        N/A       14%         2
 Frozen Ramparts          Ice            28%        1d5       16%         3
 Mephitic Cloud           Conj/Pois/Air  14%        N/A       16%         3
 Kiss of Death            Conj/Necr      16%        2d6       17%         1
 Magic Dart               Conj           16%        1d3       17%         1
 Necrotise                Necr           16%        1d4       17%         1
 Slow                     Hex            16%        N/A       17%         1
 Inner Flame              Hex/Fire       13%        N/A       19%         3
 Ice Form                 Ice/Tmut       23%        N/A       19%         4
 Blade Hands              Tmut           15%        N/A       19%         5
 Portal Projectile        Hex/Tloc       22%        N/A       22%         3
 Searing Ray              Conj           8%         2d4       26%         2
 Lee's Rapid Deconstruct  Erth           14%        3d9*      26%         5
 Hailstorm                Conj/Ice       9%         3d4       28%         3
 Manifold Assault         Tloc           18%        N/A       32%         4
 Alistair's Intoxication  Tmut/Pois      17%        N/A       32%         5
 Leda's Liquefaction      Hex/Erth       8%         N/A       38%         4
 Confusing Touch          Hex            4%         N/A       45%         3
 Dazzling Flash           Conj/Hex       8%         N/A       45%         3
 Tukima's Dance           Hex            4%         N/A       45%         3
 Vampiric Draining        Necr           4%         2d6       45%         3
 Flame Wave               Conj/Fire      13%        2d6       52%         4
 Iskenderun's Mystic Bla  Conj/Tloc      11%        2d4       58%         4
 Summon Ice Beast         Ice/Summ       9%         N/A       67%         4
 Statue Form              Tmut/Erth      20%        N/A       77%         6
 Animate Dead             Necr           4%         N/A       86%         4
 Dispel Undead            Necr           4%         3d7       86%         4
 Fulminant Prism          Conj/Hex       2%         3d5       86%         4
 Fireball                 Conj/Fire      6%         3d5       86%         5
 Silence                  Hex/Air        5%         N/A       91%         5
 Summon Forest            Summ/Tloc      5%         N/A       91%         5
 Metabolic Englaciation   Hex/Ice        4%         N/A       95%         5
 Agony                    Necr           4%         N/A       99%         5
 Summon Mana Viper        Hex/Summ       4%         N/A       99%         5
 Dispersal                Tloc           9%         N/A       99%         6
 Leda's Unmaking          Conj/Erth      8%         9d2       99%         6
 Plasma Beam              Fire/Air       9%         2x1d20    99%         6
 Conjure Ball Lightning   Conj/Air       5%         3x3d6     100%        6
 Simulacrum               Ice/Necr       4%         N/A       100%        6
 Starburst                Conj/Fire      6%         6d4       100%        6
 Summon Cactus Giant      Summ           2%         N/A       100%        6
 Haunt                    Necr/Summ      2%         N/A       100%        7
 Ozocubu's Refrigeration  Ice            7%         4d9       100%        7
 Storm Form               Tmut/Air       12%        N/A       100%        7
 Infestation              Necr           2%         N/A       100%        8
 Maxwell's Capacitive Co  Air            9%         ∞         100%        8
 Necromutation            Tmut/Necr      9%         N/A       100%        8
 Polar Vortex             Ice            7%         N/A       100%        9


Dungeon Overview and Level Annotations

Branches:
Dungeon (15/15)            Temple (1/1) D:4            Lair (5/5) D:8
  Swamp (4/4) Lair:2       Spider (4/4) Lair:3        Slime (0/5) Lair:5
    Orc (2/2) D:9             Elf (3/3) Orc:2        Vaults (4/5) D:13
  Crypt (0/3) Vaults:3     Depths (4/4) D:15            Zot (5/5) Depths:4
  IceCv (visited)         Volcano (visited)         Desolation (visited)
Gauntlet (visited)

Altars:
Ashenzari
Cheibriados
Dithmenos
Elyvilon
Fedhas
Gozag
Hepliaklqana
Kikubaaqudgha
Makhleb
Nemelex Xobeh
Okawaru
Qazlal
Ru
Sif Muna
Trog
Uskayaw
Vehumet
Wu Jian
Xom
Yredelemnul
Zin
The Shining One
Jiyva

Shops:
D:9 (   D:11 :   Orc:2 !=(:*   Elf:1 *   Elf:3 (   Vaults:1 [   Vaults:2 (![
Vaults:4 [   Depths:1 *(   Depths:2 *

Portals:
Hell: Depths:1 Depths:2 Depths:3 Depths:4
Abyss: Depths:2 Depths:3
Pandemonium: Depths:1 Depths:2

Annotations:
D:8 3 runed translucent doors, DeltaZero's ghost, novice HOFi; epsilonplus's ghost, novice TrFi; mandoloar's ghost, novice GnEE; voltaire321's ghost, novice MfGl
D:10 3 runed translucent doors, exclusions: Grum and obsidian statue
D:11 2 transporters, knightboat's ghost, journeyman TeMo
Swamp:4 exclusion: oklob plant
Spider:1 1 runed translucent door, snackwell's ghost, adept DjHW
Spider:2 3 runed translucent doors, Doqag's ghost, adept MfHs
Orc:2 1 exclusion
Elf:2 3 runed translucent doors
Depths:4 3 runed translucent doors, exclusion: obsidian statue, Paif's ghost, veteran DjCj


Innate Abilities, Weirdness & Mutations

You have razor-sharp teeth.
Your natural rate of healing is unusually fast.
When hurt, damage is shared between your health and your magic reserves.
Your bite disrupts and absorbs the magic of your enemies.
Potions cannot restore your health.
You have large cloven feet.
Your skin changes colour to match your surroundings (Stealth+).
You are resistant to electric shocks. (rElec)
You occasionally lose the ability to drink potions when taking damage.
You expend magic power (3 MP) to strengthen your wands.


Message History

You can now pass through a line of other dancers.
You puncture the great orb of eyes!
The arc blade crackles.
The great orb of eyes is struck by an arc of lightning.
You resist.
You are struck by an arc of lightning.
The great orb of eyes is struck by an arc of lightning.
You resist.
You are struck by an arc of lightning.
The great orb of eyes is struck by an arc of lightning!
You resist.
You are struck by an arc of lightning.
The great orb of eyes is struck by an arc of lightning.
The lightning grounds out.
You bite the great orb of eyes.
The great orb of eyes's magic leaks into the air.
You drain its magic.
You feel invigorated.
You impale the great orb of eyes!! You bite the great orb of eyes.
The great orb of eyes's magic leaks into the air.
You drain its magic. The great orb of eyes bites you!
Uskayaw will force your foes to helplessly watch your dance.
Uskayaw prepares the audience for your solo!
The helpless great orb of eyes fails to defend itself.
You spit the great orb of eyes like a pig!!!!!
The arc blade crackles.
The air crackles with electrical energy.
You feel a bit better.
You kill the great orb of eyes!
You howl as the wereblood boils in your veins!
You howl as the wereblood boils in your veins!
(D) Dungeon (T) Temple (L) Lair (S) Swamp (N) Spider Nest (M) Slime Pits (O) Orcish Mines (E) Elven Halls (V) Vaults (C) Crypt (U) Depths (H) Hell (Z) Zot
Where to? (Enter - D:1 @ (x,y), ? - help)
You howl as the wereblood boils in your veins!
You are no longer corroded.
Your primal bloodlust is almost over.
You howl as the wereblood boils in your veins!
Your primal bloodlust has ended.
There is an open door here.
There is an open door here.
There is an open door here.
There is a staircase leading out of the dungeon here.
You have escaped!

##..........#..###.#......#.....
#..#######.###...#.####.#.#.....
#..........#####...##...#.##....
############......###'###.###...
##.................#..##.........
#..#########.....###'#+#.........
.................#..##.......#...
####..######...###'#+#+#.....#...
# ##.# ##..#@..#..##...###### #.#
##.###+#'#+#......... #.# #.#
#..##........### #####.########.#
###'#+#.....## ....#.#^.......#
#..##..#### ....#.#..(....##
###'#.## ....#.#.......# #...#
....#.#.......# #####
#####.#######.#


There were no monsters in sight!

Vanquished Creatures
  A dread lich (Zot:5)
  3 ancient liches (Zot:5)
  4 orbs of fire
  A juggernaut (Depths:4)
  Vv (Depths:1)
  8 Killer Klowns
  A curse toe (Zot:4)
  Nikola (Spider:2)
  6 golden dragons
  2 bone dragons
  Arachne (Spider:2)
  2 electric golems (Zot:5)
  Jorgrun (Swamp:2)
  2 walking earthen tomes (Depths:3)
  2 liches (Depths:3)
  26 Orb Guardians
  10 tentacled monstrosities
  3 quicksilver dragons
  A Hell Sentinel (Abyss:4)
  2 deep elf blademasters (Elf:3)
  2 deep elf master archers (Elf:3)
  A titan (Depths:1)
  2 walking crystal tomes (Depths:3)
  A walking divine tome (Depths:3)
  A walking frostbound tome (Depths:3)
  2 sphinxes
  5 death cobs
  8 shadow dragons
  5 tengu reavers
  Kirke (Swamp:1)
  A fenstrider witch (Swamp:2)
  Roxanne (Swamp:2)
  Donald (Swamp:3)
  A revenant (Vaults:3)
  13 storm dragons
  5 draconian monks
  7 fire giants
  7 draconian knights
  10 frost giants
  16 vault wardens
  An iron dragon (Depths:4)
  A deep elf sorcerer (Elf:3)
  3 ghost moths
  5 draconian scorchers
  An emperor scorpion (Spider:4)
  A balrug (D:1)
  4 draconian shifters
  2 imperial myrmidons (Desolation)
  4 juggernaut zombies (Depths:1)
  7 broodmothers
  A caustic shrike zombie (Depths:1)
  12 very ugly things
  3 deep elf elementalists
  4 war gargoyles
  3 orc warlords
  3 formless jellyfish
  3 cacodemons
  6 green draconians
  8 draconian annihilators
  5 deep elf demonologists
  A ghoul (Vaults:3)
  10 ironbound preservers
  A vampire knight (Depths:3)
  8 stone giants
  2 ironbound thunderhulks
  7 eleionomae
  A minotaur (Gauntlet)
  8 yellow draconians
  A wendigo (Depths:2)
  3 purple draconians
  9 black draconians
  3 spark wasps
  2 halazid warlocks (Desolation)
  4 bunyips
  9 dire elephants
  6 deep elf annihilators (Elf:3)
  7 red draconians
  13 white draconians
  5 ettins
  11 deep elf death magi (Elf:3)
  A blizzard demon (Depths:3)
  4 crystal guardians
  7 ragged hierophants (Desolation)
  5 entropy weavers
  9 fire dragons
  2 deep elf high priests
  4 yaktaur captains
  2 rakshasas
  7 great orbs of eyes
  5 ice dragons
  5 servants of whispers (Desolation)
  A caustic shrike simulacrum (Depths:2)
  9 vault guards
  10 hydras
  11 peacekeepers
  3 spriggan air magi
  3 jorogumos
  4 ghost crabs
  A hell beast (Depths:4)
  Erica (D:10)
  6 ironbound frosthearts
  18 alligators
  3 radroaches
  12 boulder beetles
  10 dancing weapons
  16 centaur warriors
  A tengu warrior (Depths:2)
  4 deep troll shamans
  3 naga warriors
  4 hell hogs
  11 death yaks
  9 two-headed ogres
  A death scarab (Zig:1)
  6 deep troll earth magi
  7 demonic crawlers
  3 orc high priests (Orc:2)
  A vampire mage (Depths:1)
  6 spriggan berserkers
  5 hell knights
  21 deep elf knights
  2 sun demons
  4 skeletal warriors
  2 skysharks
  A spatial maelstrom (Abyss:4)
  2 wretched stars (Abyss:4)
  5 iron trolls
  A salamander mystic (Depths:2)
  2 soul eaters
  9 pharaoh ants
  A sixfirhy (Abyss:3)
  5 spriggan druids
  24 deep trolls
  A spark wasp zombie (Depths:1)
  10 bog bodies
  15 orc knights
  12 orb spiders
  A flayed ghost (Depths:3)
  3 swamp dragons (Swamp:3)
  8 goliath frogs
  8 deep elf archers
  4 spectral hydras (Swamp:4)
  6 necromancers
  3 glowing orange brains
  3 harpies (Depths:3)
  2 steelbarb worms (Spider:4)
  12 ironbound convokers
  A steelbarb worm (shapeshifter) (Depths:3)
  11 lindwurms
  A shadow dragon zombie (Depths:1)
  3 iron dragon zombies (Depths:1)
  2 tengu zombies (Depths:1)
  11 wizards
  23 deep elf pyromancers
  26 deep elf zephyrmancers
  11 wolf spiders
  2 draconians (Abyss:4)
  3 frost giant zombies (Depths:1)
  5 orc sorcerers
  2 cyclopes (shapeshifter)
  6 cyclopes
  11 manticores
  3 stone giant zombies (Depths:1)
  39 ugly things
  A fire giant zombie (Depths:1)
  9 elephants (Lair:3)
  A shining eye (Gauntlet)
  21 moths of wrath
  10 will-o-the-wisps
  Maurice (Orc:1)
  3 salamanders (Depths:2)
  8 black mambas
  4 guardian serpents
  15 vault sentinels
  A smoke demon (Abyss:3)
  A black mamba (shapeshifter) (Elf:2)
  3 molten gargoyles (Lair:5)
  2 gargoyles
  An ice statue (IceCv)
  4 torpor snails
  9 cane toads
  Maggie (Lair:1)
  2 minotaur zombies (Gauntlet)
  2 orange demons (Depths:2)
  A rime drake (shapeshifter) (D:14)
  4 rime drakes
  2 tengu conjurers
  An unseen horror (Abyss:3)
  A kobold demonologist (D:10)
  19 yaktaurs
  3 swamp worm zombies (Swamp:4)
  2 anaconda simulacra (IceCv)
  11 komodo dragons
  A tormentor (Abyss:4)
  5 hydra zombies (Swamp:4)
  A guardian mummy (Zig:1)
  2 red devils
  An ancient zyme (Abyss:3)
  A queen bee (Spider:1)
  6 hornets
  3 meliai (Spider:1)
  16 tyrant leeches
  23 tarantellas
  3 polar bears
  10 trolls
  7 alligator zombies (Swamp:4)
  2 spriggan zombies (Depths:1)
  5 raiju
  22 blink frogs
  44 saltlings (Desolation)
  An ettin zombie (Depths:1)
  2 spectral swamp dragons (Swamp:4)
  29 jumping spiders
  A fire giant simulacrum (Depths:2)
  7 spriggans
  A culicivora (shapeshifter) (D:14)
  14 flying skulls (Gauntlet)
  3 shadows
  30 slime creatures
  8 water elementals
  A vampire (D:10)
  5 air elementals
  20 culicivoras
  2 ynoxinuls
  A spriggan (shapeshifter) (D:15)
  7 fire elementals
  5 wraiths
  47 yaks
  Eustachio (D:4)
  6 hogs (Swamp:1)
  A wyvern (shapeshifter) (Abyss:2)
  6 fire bats (Volcano)
  A golden eye (Gauntlet)
  5 wyverns
  9 basilisks
  A neqoxec (Abyss:2)
  Grum (D:10)
  4 steam dragons
  9 vampire mosquitoes
  61 redbacks
  Menkaure (D:6)
  4 large abominations
  11 swamp worms
  2 glowing shapeshifter zombies (Depths:1)
  A naga (Abyss:2)
  An acid dragon (D:13)
  A warg (Orc:1)
  3 harpy simulacra (IceCv)
  A spatial vortex (Abyss:4)
  A hydra simulacrum (IceCv)
  6 hell hounds
  20 water moccasins
  14 orc warriors
  4 ettin simulacra
  2 ice beasts
  2 swamp dragon zombies (Swamp:4)
  9 ogres
  4 black bears
  13 boggarts
  12 centaurs
  22 wolves
  An elf simulacrum (Vaults:3)
  6 phantoms
  2 kobold brigands
  11 bullfrogs
  3 gnoll sergeants
  4 small abominations
  7 two-headed ogre simulacra
  3 earth elementals (Elf:2)
  5 scorpions
  A cane toad simulacrum (D:13)
  8 wights
  16 killer bees
  3 elephant simulacra
  2 howler monkeys
  3 electric eels
  13 lava snakes
  2 jellies (Lair:5)
  A quasit (Abyss:3)
  4 hounds
  12 orc priests
  A gnoll bouda (D:5)
  An iron imp (D:8)
  6 hell rats
  12 orc wizards
  5 iguanas
  4 sleepcaps
  Natasha (twice) (D:3)
  A spectral swamp drake (Swamp:4)
  6 spriggan simulacra
  6 troll simulacra
  4 polar bear simulacra
  4 wolf simulacra
  A hound zombie (D:3)
  A mummy (Zig:1)
  16 gnolls
  11 adders
  7 naga simulacra
  7 shadow imps
  10 white imps
  8 ufetubi
  An adder skeleton (D:3)
  4 worms
  5 dart slugs
  43 orcs
  9 ball pythons
  4 endoplasms
  4 giant cockroaches
  2 goblins
  5 hobgoblins
  12 jackals
  3 quokkas
  A ball python zombie (D:3)
  4 bats
  4 frilled lizards
  A giant cockroach zombie (D:3)
  A goblin skeleton (D:8)
  4 goblin zombies (D:8)
  6 kobolds
  A kobold skeleton (D:8)
  An orc skeleton (D:8)
  A quokka skeleton (D:3)
  A quokka zombie (D:3)
  6 rats
1964 creatures vanquished.

Vanquished Creatures (collateral kills)
  Mlioglotl (Spider:2)
  A ragged hierophant (Desolation)
  2 servants of whispers (Desolation)
  A peacekeeper (Desolation)
  A molten gargoyle (Desolation)
  7 saltlings (Desolation)
  A yak (Lair:1)
  An orc warrior (Orc:2)
  An orc priest (Orc:2)
  2 orcs (Orc:2)
18 creatures vanquished.

Vanquished Creatures (others)
  A very ugly thing (Depths:3)
  A deep elf knight (Elf:2)
  A swamp dragon (Swamp:3)
  A wizard (D:5)
  A komodo dragon (Lair:1)
  5 bloated husks
  A hornet (Depths:4)
  A jumping spider (Spider:4)
  An orc warrior (Orc:2)
  A phantom (Swamp:4)
  An orc (Orc:2)
  30 foxfires
  3 starspawn tentacles (Spider:2)
48 creatures vanquished.

Grand Total: 2030 creatures vanquished

Notes
Turn   | Place    | Note
-------+----------+-------------------------------------------
     0 | D:1      | ragingrage the Vine Stalker Wanderer began the quest for
                  | the Orb.
     0 | D:1      | ragingrage set off with the following items: a +0 dagger, a
                  | scroll of teleportation, a +0 robe, a +0 buckler; and the
                  | following spells available to memorise: Freeze, Ensorcelled
                  | Hibernation, Sting, Ignite Poison, Ice Form.
     0 | D:1      | Reached XP level 1. HP: 9/9 MP: 7/7
     2 | D:1      | Learned a level 1 spell: Freeze
    40 | D:1      | Reached skill level 1 in Stealth
   117 | D:1      | Reached XP level 2. HP: 11/13 MP: 2/9
   713 | D:1      | Found a faded altar of an unknown god.
   723 | D:1      | Prayed at the altar of an unknown god.
   723 | D:1      | Became a worshipper of Vehumet
   723 | D:1      | Reached * piety under Vehumet
   723 | D:1      | Offered knowledge of Kiss of Death by Vehumet.
  1010 | D:2      | Reached skill level 1 in Short Blades
  1010 | D:2      | Reached XP level 3. HP: 16/16 MP: 10/10
  1078 | D:2      | Fell from the grace of Vehumet
  1465 | D:2      | Gained mutation: Your natural rate of healing is unusually
                  | fast. [Vine Stalker growth]
  1465 | D:2      | Reached XP level 4. HP: 19/21 MP: 10/12
  1835 | D:3      | Found a white marble altar of Elyvilon.
  2142 | D:3      | Reached XP level 5. HP: 24/24 MP: 13/13
  2143 | D:3      | Found a sparkling altar of Nemelex Xobeh.
  2511 | D:3      | Noticed Natasha
  2522 | D:3      | Killed Natasha
  2566 | D:3      | Identified the +10 dagger of Incongruity {pain, *Rage rC+
                  | rCorr Int+6}
  2617 | D:3      | Noticed Natasha
  2623 | D:3      | Killed Natasha
  2647 | D:3      | Found a shimmering blue altar of Sif Muna.
  2770 | D:4      | Noticed a phantom
  2793 | D:4      | Killed a phantom
  2794 | D:4      | Reached XP level 6. HP: 28/28 MP: 13/15
  2799 | D:4      | Reached skill level 5 in Short Blades
  3042 | D:4      | Reached XP level 7. HP: 32/32 MP: 16/16
  3107 | D:4      | Found a staircase to the Ecumenical Temple.
  3112 | Temple   | Entered the Ecumenical Temple
  3358 | D:4      | Noticed Eustachio
  3374 | D:4      | Killed Eustachio
  3688 | D:5      | Entered Level 5 of the Dungeon
  3771 | D:5      | Gained mutation: You have razor-sharp teeth. [Vine Stalker
                  | growth]
  3771 | D:5      | Reached XP level 8. HP: 36/36 MP: 15/17
  3855 | D:5      | Learned a level 3 spell: Ignite Poison
  4226 | D:5      | Noticed a troll
  4355 | D:5      | Found a blossoming altar of Fedhas.
  4472 | D:5      | Killed a troll
  4670 | D:5      | Reached XP level 9. HP: 39/39 MP: 18/18
  4751 | D:5      | Reached skill level 10 in Short Blades
  4816 | D:5      | Was forgiven by Vehumet
  5069 | D:5      | Found a bloodstained altar of Trog.
  5070 | D:5      | Noticed a wizard
  5075 | D:5      | Killed a wizard
  5141 | D:6      | Reached skill level 1 in Fighting
  5141 | D:6      | Reached skill level 1 in Dodging
  5141 | D:6      | Reached skill level 1 in Evocations
  5779 | D:6      | Noticed Menkaure
  5852 | D:6      | Killed Menkaure
  5853 | D:6      | Reached skill level 5 in Stealth
  6463 | D:7      | Reached XP level 10. HP: 39/49 MP: 15/19
  6575 | D:7      | Found a broken altar of Ashenzari.
  6795 | D:8      | Reached skill level 1 in Transmutations
  6795 | D:8      | Reached skill level 1 in Fire Magic
  6795 | D:8      | Reached skill level 1 in Poison Magic
  6996 | D:8      | Found a runed translucent gate.
  6996 | D:8      | Found a runed translucent gate.
  6996 | D:8      | Found a runed translucent gate.
  6997 | D:8      | Noticed DeltaZero's ghost (novice HOFi)
  6997 | D:8      | Noticed mandoloar's ghost (novice GnEE)
  6997 | D:8      | Noticed voltaire321's ghost (novice MfGl)
  6997 | D:8      | Noticed epsilonplus's ghost (novice TrFi)
  7293 | D:8      | Found a glowing golden altar of the Shining One.
  7519 | D:8      | Found a staircase to the Lair.
  7828 | D:9      | Found Duunweg's Antique Weapon Boutique.
  7831 | D:9      | Bought a runed rapier for 154 gold pieces
  7853 | D:9      | Found a staircase to the Orcish Mines.
  8023 | D:9      | Found a stormy altar of Qazlal.
  8274 | D:9      | Noticed a two-headed ogre
  8284 | D:9      | Killed a two-headed ogre
  8614 | D:10     | Entered Level 10 of the Dungeon
  8642 | D:10     | Noticed Erica
  8644 | D:10     | Killed Erica
  8645 | D:10     | Reached skill level 5 in Fighting
  8645 | D:10     | Reached XP level 11. HP: 55/55 MP: 20/20
  8651 | D:10     | Found a burning altar of Makhleb.
  8651 | D:10     | Found an ancient bone altar of Kikubaaqudgha.
  8673 | D:10     | Reached skill level 5 in Dodging
  8889 | D:10     | Found a shimmering altar of Xom.
  8937 | D:10     | Found a runed translucent door.
  8980 | D:10     | Found a runed translucent door.
  8992 | D:10     | Found a runed translucent door.
  9013 | D:10     | Found a runed translucent door.
  9027 | D:10     | Noticed Grum
  9380 | D:10     | Found a hide-covered altar of Uskayaw.
  9401 | D:10     | Became a worshipper of Uskayaw the Reveller
  9469 | D:10     | Reached * piety under Uskayaw
  9472 | D:10     | Reached ** piety under Uskayaw
  9512 | D:10     | Noticed a two-headed ogre
  9513 | D:10     | Noticed a two-headed ogre
  9526 | D:10     | Killed a two-headed ogre
  9526 | D:10     | Reached *** piety under Uskayaw
  9527 | D:10     | Killed a two-headed ogre
  9527 | D:10     | Reached **** piety under Uskayaw
  9551 | D:10     | Killed Grum
 10057 | D:10     | Noticed an obsidian statue
 10201 | Lair:1   | Entered Level 1 of the Lair of Beasts
 10240 | Lair:1   | Reached ***** piety under Uskayaw
 10297 | Lair:1   | Learned a level 4 spell: Sticky Flame
 10309 | Lair:1   | Found a gate leading to a gauntlet.
 10330 | Lair:1   | Reached skill level 5 in Transmutations
 10372 | Gauntlet | Entered a Gauntlet
 10372 | Gauntlet | Noticed a soul eater
 10372 | Gauntlet | Found a transporter.
 10380 | Gauntlet | Found a transporter.
 10380 | Gauntlet | Found a transporter.
 10385 | Gauntlet | Found a runed translucent door.
 10385 | Gauntlet | Found a runed translucent door.
 10390 | Gauntlet | Found a transporter.
 10393 | Gauntlet | Found a transporter.
 10400 | Gauntlet | Noticed a reaper
 10404 | Gauntlet | Found a transporter.
 10420 | Gauntlet | Found a transporter.
 10431 | Gauntlet | Found a transporter.
 10443 | Gauntlet | Found a transporter.
 10456 | Gauntlet | Found a transporter.
 10456 | Gauntlet | Noticed a shining eye
 10472 | Gauntlet | Found a transporter.
 10473 | Gauntlet | Found a transporter.
 10486 | Gauntlet | Found a runed translucent door.
 10494 | Gauntlet | Found a transporter.
 10538 | Gauntlet | Found a transporter.
 10778 | Gauntlet | Killed a soul eater
 10779 | Gauntlet | Reached skill level 1 in Invocations
 10779 | Gauntlet | Reached XP level 12. HP: 60/60 MP: 19/21
 10796 | Gauntlet | Identified the +5 hand axe of Cueff {spect, rPois rN+ Str+6
                  | Stlth-}
 10813 | Gauntlet | Gained mutation: You are frail. (-10% HP) [a shining eye]
 10906 | Gauntlet | Reached ****** piety under Uskayaw
 10942 | Gauntlet | Identified the amulet of the Establishment {Faith -Tele rF+
                  | Regen+ MP+9}
 11013 | Gauntlet | Noticed a minotaur
 11026 | Gauntlet | Killed a minotaur
 11165 | Lair:1   | Noticed Maggie
 11174 | Lair:1   | Killed Maggie
 11547 | Lair:1   | Found the +4 robe of Augmentation {Str+4 Int+4 Dex+4}
 12428 | Lair:2   | Noticed a skyshark
 12437 | Lair:2   | Killed a skyshark
 12496 | Lair:2   | Reached skill level 5 in Invocations
 12688 | Lair:2   | Reached XP level 13. HP: 51/56 MP: 22/22
 12714 | Lair:2   | Reached skill level 5 in Fire Magic
 12714 | Lair:2   | Reached skill level 5 in Poison Magic
 13961 | Lair:2   | Found a staircase to the Swamp.
 14411 | Lair:3   | Identified the +1 leather armour of Hysteria {rF+ Str+4}
 14536 | Lair:3   | Found a hole to the Spider Nest.
 14952 | Lair:3   | Identified the +11 whip of Fulaena {speed, Fly Str+5}
 16329 | Lair:4   | Reached XP level 14. HP: 63/63 MP: 23/23
 16924 | Lair:4   | Reached skill level 10 in Dodging
 17002 | Lair:4   | Found the +8 whip "Snakebite" {venom, curare, rPois}
 17255 | Lair:5   | Entered Level 5 of the Lair of Beasts
 18030 | Lair:5   | Found a viscous altar of Jiyva.
 18036 | Lair:5   | Found a staircase to the Slime Pits.
 18315 | Lair:5   | Found a large runed translucent door.
 18316 | Lair:5   | Found a large runed translucent door.
 19109 | Orc:1    | Entered Level 1 of the Orcish Mines
 19109 | Orc:1    | Noticed Maurice
 19114 | Orc:1    | Killed Maurice
 19422 | Orc:1    | Reached skill level 1 in Maces & Flails
 19461 | Orc:1    | Found a bloodstained altar of Trog.
 19546 | Orc:2    | Entered Level 2 of the Orcish Mines
 19718 | Orc:2    | Reached XP level 15. HP: 72/72 MP: 24/24
 19796 | Orc:2    | Found a dark tunnel.
 19900 | Volcano  | Entered a volcano
 20065 | Volcano  | Reached skill level 10 in Fighting
 20105 | Volcano  | Found a radiant altar of Vehumet.
 20391 | Orc:2    | Found a staircase to the Elven Halls.
 21005 | Orc:2    | Found Voimunwe's General Store.
 21277 | Orc:2    | Found Neima's Book Boutique.
 21277 | Orc:2    | Found Zacosuib's Distillery.
 21295 | Orc:2    | Found Vaxyn's Jewellery Shoppe.
 21295 | Orc:2    | Found Meeb's Antique Weapon Boutique.
 21310 | Orc:2    | Bought a potion of haste for 140 gold pieces
 21310 | Orc:2    | Bought a potion of cancellation for 112 gold pieces
 21319 | Orc:2    | Bought a +4 ring of protection for 360 gold pieces
 21350 | Orc:2    | Bought a tin of tremorstones (2/2) for 640 gold pieces
 21736 | D:11     | Found a transporter.
 21737 | D:11     | Noticed knightboat's ghost (journeyman TeMo)
 21807 | D:11     | Identified the +3 dire flail of the Foot {freeze, Fragile
                  | rPois Str+9 Stlth+}
 21807 | D:11     | Identified the +0 great mace of Causality {venom, *Rage rN+
                  | Int+5}
 21843 | D:11     | Found Caluem's Tiny Tomes.
 22283 | D:11     | Found a transporter.
 23334 | D:13     | Found a gate to the Vaults.
 23343 | D:13     | Reached skill level 5 in Evocations
 23601 | D:13     | Identified the ring "Zyuteint" {rElec rCorr Str-4 Int+3}
 23731 | D:13     | Found a frozen archway.
 23775 | IceCv    | Entered an ice cave
 24395 | IceCv    | Reached XP level 16. HP: 75/76 MP: 25/25
 24406 | IceCv    | Identified the +2 robe "Tidexoid" {rElec rF+ Str-3}
 24409 | IceCv    | Got the Compilation of Hail
 24417 | IceCv    | Identified the +3 short sword of Untimely Demise {flame,
                  | rF++ Dex+3}
 25409 | D:14     | Identified the +4 falchion of Poner {freeze, Dex+7}
 26047 | D:15     | Entered Level 15 of the Dungeon
 26187 | D:15     | Reached skill level 10 in Invocations
 26638 | D:15     | Found a staircase to the Depths.
 27227 | Swamp:1  | Entered Level 1 of the Swamp
 27321 | Spider:1 | Entered Level 1 of the Spider Nest
 27602 | Orc:2    | Bought a book of Burglary for 300 gold pieces
 27605 | Orc:2    | Learned a level 2 spell: Passwall
 27917 | Spider:1 | Found a runed translucent door.
 27917 | Spider:1 | Noticed snackwell's ghost (adept DjHW)
 28026 | Spider:1 | Reached skill level 1 in Earth Magic
 28132 | Spider:2 | Noticed Arachne
 28140 | Spider:2 | Killed Arachne
 29020 | Spider:2 | Noticed Nikola
 29031 | Spider:2 | Killed Nikola
 29186 | Spider:2 | Reached skill level 5 in Maces & Flails
 29430 | Spider:2 | Noticed Mlioglotl
 29446 | Spider:2 | Killed Mlioglotl
 29455 | Spider:2 | Reached XP level 17. HP: 69/80 MP: 26/26
 29497 | Spider:2 | Found a runed translucent gate.
 29497 | Spider:2 | Found a runed translucent gate.
 29497 | Spider:2 | Found a runed translucent gate.
 29498 | Spider:2 | Noticed Doqag's ghost (adept MfHs)
 29593 | Spider:2 | Identified the +8 quarterstaff of Karma {speed, Dex+3}
 30793 | Spider:4 | Entered Level 4 of the Spider Nest
 31637 | Spider:4 | Identified the ring of Gigruic {rCorr Str+2}
 32743 | Spider:4 | Got a gossamer rune of Zot
 33544 | Swamp:1  | Reached XP level 18. HP: 83/83 MP: 29/29
 33786 | Swamp:1  | Noticed Kirke
 33807 | Swamp:1  | Killed Kirke
 33925 | Swamp:1  | Found the +10 zealot's sword {holy, Zealotry, *Rage rN+
                  | EV+3}
 34161 | Swamp:2  | Reached skill level 15 in Dodging
 34270 | Swamp:2  | Identified Roxanne's Treatise on Changing
 34270 | Swamp:2  | Noticed Roxanne
 34279 | Swamp:2  | Killed Roxanne
 35065 | Swamp:2  | Noticed Jorgrun
 35086 | Swamp:2  | Killed Jorgrun
 35865 | Swamp:3  | Noticed Donald
 35883 | Swamp:3  | Killed Donald
 36507 | Swamp:4  | Entered Level 4 of the Swamp
 37166 | Swamp:4  | Reached skill level 10 in Stealth
 37753 | Swamp:4  | Noticed a bone dragon
 37758 | Swamp:4  | Reached XP level 19. HP: 70/88 MP: 29/31
 37764 | Swamp:4  | Killed a bone dragon
 37770 | Swamp:4  | Got a decaying rune of Zot
 38159 | Elf:1    | Entered Level 1 of the Elven Halls
 38240 | Elf:1    | Paralysed by an air elemental for 1 turns
 38325 | Elf:1    | Found a crumbling gateway.
 38333 | Desolati | Entered the Desolation of Salt
 38478 | Desolati | Got A Beginning Course on Casting
 38496 | Desolati | Got the Tome of Stormy Transportation
 38734 | Desolati | Reached skill level 15 in Invocations
 38870 | Desolati | Identified the ring of Ecitry {Ice Fly Str+2 Slay+2 Stlth+}
 39223 | Desolati | Identified the amulet of Oviski {RegenMP Contam rN+ Dex+6}
 39226 | Desolati | Identified the +3 great sword "Gioliec" {drain, Int+3}
 39229 | Desolati | Identified the +5 flail of Abuse {flame, Fly rF- Dex+9}
 39239 | Desolati | Got the Anthology of Chilblains and the Undead
 40805 | Elf:1    | Found Nuraclet's CLEARANCE SALE!.
 40833 | Elf:1    | Bought a scroll of poison for 12 gold pieces
 41392 | Elf:2    | Found a runed translucent gate.
 41392 | Elf:2    | Found a runed translucent gate.
 41403 | Elf:2    | Found a runed translucent gate.
 41428 | Elf:2    | Identified a scroll of acquirement
 41439 | Elf:2    | Acquired 890 gold pieces
 41454 | Elf:3    | Entered Level 3 of the Elven Halls
 41455 | Elf:3    | Paralysed by an air elemental for 1 turns
 41621 | Elf:2    | Reached XP level 20. HP: 83/96 MP: 32/32
 42272 | Elf:3    | Found Xiowoxto's Antique Weapon Emporium.
 42708 | Elf:3    | Identified the ring "Diemusk" {rPois rN++ MP+9 Str-4
                  | Slay+4}
 42807 | Elf:3    | Identified the +9 morningstar of Kehup {holy, Int+3 Dex+3}
 42807 | Elf:3    | Identified the +1 robe of Guivyg {Contam Rampage Int+4
                  | Archmagi}
 42814 | Elf:3    | Identified the staff of cold "Bogumil" {rC+ Str+2 Dex+8}
 43310 | Elf:3    | Acquired a manual of Invocations
 43393 | Elf:3    | Identified the staff of earth "Herij" {Fly Str+4}
 43407 | Elf:3    | Got the Handbook of Changes and Bewitchment
 43420 | Elf:3    | Learned a level 2 spell: Wereblood
 43428 | Elf:3    | Identified the staff of air "Okoxang" {rElec Will++}
 43746 | Vaults:1 | Entered Level 1 of the Vaults
 43746 | Vaults:1 | Found Lunnoeti's Antique Armour Shop.
 44180 | Vaults:1 | Identified the +9 orcbow of the Establishment {antimagic,
                  | Str+5 SInv Stlth+}
 44974 | Vaults:1 | Reached XP level 21. HP: 92/101 MP: 32/34
 45059 | Vaults:1 | Identified the ring of the Turtledove {Str+4 SInv Stlth+}
 45331 | Vaults:2 | Found Jyostruja's Antique Armour Shop.
 45345 | Vaults:2 | Bought a faintly humming chain mail for 361 gold pieces
 45345 | Vaults:2 | Identified the +3 chain mail of Qazlal's Grace {Will+ Int-3
                  | Stlth+} (You bought it in a shop on level 2 of the Vaults)
 45401 | Vaults:2 | Found Hideawkarph's Distillery.
 45727 | Vaults:2 | Found Esavem's Antique Weapon Emporium.
 45944 | Vaults:2 | Identified the +3 hand axe of Luuppac {chaos, rN+}
 47111 | Vaults:3 | Reached skill level 1 in Armour
 47313 | Vaults:3 | Found a staircase to the Crypt.
 47751 | Vaults:4 | Learned a level 6 spell: Death Channel
 48344 | Vaults:4 | Reached XP level 22. HP: 103/107 MP: 32/36
 48810 | Vaults:4 | Identified the ring "Bihoc" {rElec rF+++ Str-5 Dex+2 SInv}
 49007 | Vaults:4 | Found Okhlaetwassy's Armour Shoppe.
 49289 | Depths:1 | Entered Level 1 of the Depths
 49291 | Depths:1 | Found a basalt altar of Yredelemnul.
 49447 | Depths:1 | Learned a level 3 spell: Swiftness
 49448 | Depths:1 | Found a gateway to Hell.
 49562 | Depths:1 | Reached skill level 1 in Air Magic
 49630 | Depths:1 | Reached skill level 5 in Armour
 50341 | Depths:1 | Found a one-way gate leading to the halls of Pandemonium.
 50372 | Depths:1 | Found Xablema's Weapon Boutique.
 50522 | Depths:1 | Found Hur Zuenaf's Fire Supplies.
 50712 | Depths:2 | Noticed Vv
 50839 | Depths:1 | Killed Vv
 51227 | Depths:2 | Found Big Baal Hell's Store.
 51393 | Depths:2 | Found an ancient bone altar of Kikubaaqudgha.
 51427 | Depths:2 | Found a one-way gateway to a ziggurat.
 51610 | Depths:2 | Found a one-way gate to the infinite horrors of the Abyss.
 52128 | Depths:3 | Reached skill level 15 in Fighting
 52476 | Zig:1    | Entered Level 1 of a ziggurat
 52503 | Zig:2    | Entered Level 2 of a ziggurat
 52515 | Zig:2    | Reached XP level 23. HP: 113/113 MP: 37/37
 52535 | Zig:2    | Identified the +3 morningstar "Impslayer" {spect, +Blink
                  | rC+ Int+5}
 52544 | Zig:3    | Entered Level 3 of a ziggurat
 52569 | Zig:3    | Identified the ring of the Shrike {*Slow rC++ EV+5 Dex+2
                  | SInv}
 52644 | Depths:2 | Voluntarily entered the Abyss.
 52654 | Abyss:1  | Found a corrupted altar of Lugonu.
 52839 | Abyss:2  | Gained mutation: You are clumsy. (Dex -2) [a neqoxec]
 52860 | Depths:2 | Escaped the Abyss
 52862 | Depths:2 | Voluntarily entered the Abyss.
 52937 | Depths:2 | Escaped the Abyss
 52939 | Depths:2 | Voluntarily entered the Abyss.
 53023 | Abyss:3  | Found a radiant altar of Vehumet.
 53113 | Abyss:4  | Found a corrupted altar of Lugonu.
 53137 | Abyss:4  | Gained mutation: Armour fits poorly on your strangely
                  | shaped body. [a cacodemon]
 53161 | Abyss:4  | Found a transporter.
 53166 | Abyss:4  | Found a transporter.
 53167 | Abyss:4  | Got an abyssal rune of Zot
 53175 | Abyss:4  | Found a transporter.
 53214 | Depths:2 | Escaped the Abyss
 53216 | Depths:2 | Lost mutation: Armour fits poorly on your strangely shaped
                  | body. [potion of mutation]
 53216 | Depths:2 | Lost mutation: You are clumsy. (Dex -2) [potion of
                  | mutation]
 53216 | Depths:2 | Lost mutation: You are frail. (-10% HP) [potion of
                  | mutation]
 53216 | Depths:2 | Gained mutation: You occasionally lose the ability to drink
                  | potions when taking damage. [potion of mutation]
 53216 | Depths:2 | Gained mutation: You have hidden genetic potential. [potion
                  | of mutation]
 53216 | Depths:2 | Gained mutation: You expend magic power (3 MP) to
                  | strengthen your wands. [potion of mutation]
 54553 | Depths:3 | Noticed a golden dragon
 54556 | Depths:3 | Killed a golden dragon
 54771 | Depths:4 | Entered Level 4 of the Depths
 54772 | Depths:4 | Found a runed translucent gate.
 54773 | Depths:4 | Found a runed translucent gate.
 54773 | Depths:4 | Found an opulent altar of Gozag.
 54828 | Depths:4 | Noticed a juggernaut
 54836 | Depths:4 | Noticed a golden dragon
 54843 | Depths:4 | Killed a juggernaut
 54844 | Depths:4 | Reached skill level 10 in Evocations
 54853 | Depths:4 | Killed a golden dragon
 54875 | Depths:4 | Noticed a juggernaut
 54876 | Depths:4 | Noticed Paif's ghost (veteran DjCj)
 54880 | Depths:4 | Found a runed translucent gate.
 54914 | Depths:3 | Learned a level 2 spell: Blink
 54974 | Depths:4 | Noticed a golden dragon
 54976 | Depths:4 | Found a gate to the Realm of Zot.
 54992 | Depths:4 | Killed a golden dragon
 54993 | Depths:4 | Reached skill level 1 in Translocations
 54997 | Depths:4 | Reached XP level 24. HP: 112/131 MP: 38/38
 55134 | Depths:4 | Found a broken altar of Ashenzari.
 55580 | Zot:1    | Entered Level 1 of the Realm of Zot
 55655 | Zot:1    | Identified the +0 dire flail "Gecrula" {venom, +Blink}
 55683 | Zot:1    | Noticed an orb of fire
 55734 | Zot:1    | You fall into a shaft and drop 1 floor!
 55938 | Zot:1    | Gained mutation: You have large cloven feet. [an orb of
                  | fire]
 55942 | Zot:1    | Killed an orb of fire
 55943 | Zot:1    | Gained mutation: Your skin changes colour to match your
                  | surroundings (Stealth+). [hidden potential]
 56185 | Zot:2    | Reached skill level 5 in Earth Magic
 57234 | Vaults:1 | Bought a translucent scale mail for 342 gold pieces
 57234 | Vaults:1 | Identified the +0 scale mail of Submission {Rampage} (You
                  | bought it in a shop on level 1 of the Vaults)
 57234 | Vaults:1 | Bought a warped scale mail for 342 gold pieces
 57234 | Vaults:1 | Identified the +6 scale mail of Compression {rC+ Slay+2}
                  | (You bought it in a shop on level 1 of the Vaults)
 57934 | Zot:3    | Noticed an orb of fire
 57938 | Zot:3    | Killed an orb of fire
 57990 | Zot:3    | Noticed a Killer Klown
 57997 | Zot:3    | Killed a Killer Klown
 58173 | Zot:4    | Noticed a curse toe
 58181 | Zot:4    | Killed a curse toe
 58576 | Zot:3    | Reached XP level 25. HP: 112/135 MP: 38/38
 59406 | Zot:5    | Entered Level 5 of the Realm of Zot
 59881 | Zot:5    | Gained mutation: You are resistant to electric shocks.
                  | (rElec) [hidden potential]
 59881 | Zot:5    | Lost mutation: You have hidden genetic potential. [hidden
                  | potential expressed]
 59887 | Zot:5    | Noticed a Killer Klown
 59901 | Zot:5    | Killed a Killer Klown
 60041 | Zot:5    | Noticed an ancient lich
 60069 | Zot:5    | Noticed a Killer Klown
 60074 | Zot:5    | Killed an ancient lich
 60081 | Zot:5    | Noticed an ancient lich
 60083 | Zot:5    | Noticed a Killer Klown
 60083 | Zot:5    | Noticed an orb of fire
 60117 | Zot:5    | Killed an orb of fire
 60119 | Zot:5    | Killed a Killer Klown
 60252 | Zot:5    | Killed an ancient lich
 60371 | Zot:5    | Noticed a Killer Klown
 60373 | Zot:5    | Noticed a Killer Klown
 60703 | Zot:5    | Noticed a Killer Klown
 60749 | Zot:5    | Killed a Killer Klown
 60864 | Zot:5    | Noticed an orb of fire
 60899 | Zot:5    | Killed an orb of fire
 60992 | Zot:5    | Killed a Killer Klown
 60995 | Zot:5    | Killed a Killer Klown
 61026 | Zot:5    | Noticed a Killer Klown
 61035 | Zot:5    | Killed a Killer Klown
 61042 | Zot:5    | Killed a Killer Klown
 61056 | Zot:5    | Noticed an ancient lich
 61074 | Zot:5    | Killed an ancient lich
 61243 | Zot:5    | Noticed a dread lich
 61259 | Zot:5    | Killed a dread lich
 61483 | Zot:5    | Got the Orb of Zot
 62104 | D:$      | Escaped with the Orb!

Illustrated notes

Levels and vault maps discovered:
D:1:      erik_arrival_triangle_medium, layout_rooms,
          hellmonk_ecumenical_altar_lost_god, serial_co_window_serial,
          co_window_paths_a, co_window_paths_a, co_window_paths_b,
          co_window_paths_b, co_window_paths_b, co_window_paths_b,
          co_window_paths_a, co_window_2corner, co_window_corner_cb,
          co_window_broadway_c, co_window_unsneaky_path_c, co_window_paths_c,
          co_window_corner_cb, minmay_split_cup_small
D:2:      layout_loops_cross, kennysheep_doodads,
          minmay_randomly_rotated_circles
D:3:      layout_basic, led_sif_book, elyvilon_altar_5,
          mainiacjoe_overflow_small_starburst, minmay_misc_feat_nine_boxes,
          dilly_guarded_unrand_morg
D:4:      layout_loops_cross, temple_doors_e, uniq_eustachio
D:5:      minmay_clustersquares, layout_basic, trog_wizard,
          fedhas_ov_isle_minmay, minmay_bent
D:6:      layout_basic, nrook_mini_backslash, st_stairs_3, uniq_menkaure
D:7:      layout_loops_ring, kennysheep_mini, st_stairs_2
D:8:      layout_loops_ring, nicolae_tso_besieged_by_evil, lair_entry_dummy,
          gammafunk_ghost_cemetery
D:9:      layout_basic, nicolae_qazlal_scattered_showers, orc_0_dummy,
          serial_shops, nicolae_shop_statue_plus, solitary_fountain
D:10:     minmay_skewed_foursquare, layout_basic,
          nicolae_overflow_two_pavilions, nicolae_uskayaw_suspiria,
          lemuel_crystal_altar, minmay_statue_crystal_thing, uniq_grum,
          uniq_erica
D:11:     layout_layer_cave, gammafunk_ghost_smash,
          nicolae_shop_i_like_small_books_too
D:12:     layout_basic
D:13:     layout_basic, lightli_vaults_fourway_checkpoint,
          portal_ice_cave_entry_ice_simulacra
D:14:     layout_roguey, minmay_stone_trees_medium, minmay_misc_feat_hallway
D:15:     hangedman_depths_entry_try_elsewhere_first, layout_irregular_city,
          roderic_serpentine_path, grunt_decor_resistance, nicolae_the_louvre
Temple:   hellmonk_temple_flake
Lair:1:   layout_hall_layers, gauntlet_entry_generic, minivault_23,
          minivault_26, uniq_maggie
Lair:2:   layout_layer_cave, nicolae_swamp_entry_splash_gauntlet,
          infiniplex_staircase_pool
Lair:3:   layout_regular_city, spider_nest_entry_webs, kilobyte_rumbling_trees,
          grunt_megastairs_4
Lair:4:   minmay_guarded_unrand_snakebite, layout_regular_city,
          grunt_megastairs_5
Lair:5:   cheibrodos_lair_end_hotspot, layout_regular_city,
          nicolae_slime_entry_field_trip, grunt_forest_small_clearing_treed
Swamp:1:  layout_basic_swamp, evilmike_swamp_ruin_rubble_1, uniq_kirke
Swamp:2:  nicolae_swamp_standing_stones, layout_basic_swamp,
          evilmike_swamp_ruin_house_3, swamp_pool3, nzn_swamp_dancing_lights,
          uniq_roxanne, uniq_jorgrun
Swamp:3:  layout_basic_swamp, evilmike_swamp_ruin_house_5, uniq_donald
Swamp:4:  swamp_pestilence, layout_basic_swamp
Spider:1: layout_spider_delve, ebering_ghost_inner_flame,
          nicolae_looking_at_the_future, hangedman_spider_tarantella_strand
Spider:2: layout_spider_delve, gammafunk_ghost_necromancy, uniq_nikola,
          uniq_arachne, uniq_mlioglotl
Spider:3: layout_cave_pods, drop_trap
Spider:4: hellmonk_spider_rune_endless_swarm, hangedman_stitches_earthworm
Orc:1:    layout_diamond_mine, basic_altar, serial_shops,
          nicolae_lakefront_shop, uniq_maurice
Orc:2:    grunt_orc_tribal_feast, layout_diamond_mine,
          nicolae_volcano_entry_vermiform, serial_shops, shop
Elf:1:    elf_arrival_001, layout_loops_corners,
          portal_desolation_entry_nicolae_forbidding_blocks,
          nicolae_shop_clearance
Elf:2:    elven_hall_of_blades_hangedman_original
          [nicolae_blade_entry_pointy_end], layout_loops_cross, drop_trap,
          corexii_checkpoint_a, dk_noncrumbling_2, uniq_zenata
Elf:3:    elf_hall, layout_loops_corners, serial_shops, shop
Vaults:1: nicolae_vaults_network_quinsquares
          [nicolae_vaults_network_quincunx_subvault,
          nicolae_vaults_network_quincunx_subvault,
          nicolae_vaults_network_quincunx_subvault,
          nicolae_vaults_network_quincunx_subvault],
          nicolae_vaults_specimen_jars, v_misc_17, v_pattern_1,
          nicolae_vaults_more_shelving_1, hangedman_vaults_pinch,
          nicolae_vaults_trapezoid_lopsided_1,
          nicolae_vaults_little_guard_posts, nicolae_vaults_diagonal_hallway_7,
          dpeg_vaults_monster_row, v_alt_pattern_4, layout_vaults_big_room,
          serial_shops, shop
Vaults:2: nicolae_vaults_house_3, ontoclasm_vaults_loading_screen, v_misc_14,
          nicolae_vaults_closet_pinwheel_4, nicolae_vaults_puzzle_piece,
          nicolae_vaults_big_angled_halls, nicolae_vaults_doubleplus_tesselated,
          hangedman_vaults_slice, nicolae_vaults_closet_pinwheel_6,
          nicolae_vaults_corridor_and_loot_room, nicolae_vaults_tetromino_L_1,
          nicolae_vaults_border_crossing, nicolae_vaults_octothorpe,
          nicolae_vaults_little_squares_3, layout_vaults_maze_bifur,
          serial_shops, shop, shop, shop
Vaults:3: hangedman_vaults_stretched_pinwheel, ontoclasm_vaults_ligature,
          v_misc_14, serial_ice_g, minmay_crypt_entry_simple_plaza,
          nicolae_vaults_display_case, nicolae_vaults_closet_pinwheel_2,
          v_misc_11, layout_vaults_omnigrid
Vaults:4: vaults_room_pool, ontoclasm_vaults_decontamination, v_alt_pattern_4,
          nicolae_vaults_taking_the_gang_shopping, nicolae_vaults_big_ls,
          ontoclasm_vaults_eye, v_misc_30, v_misc_16, v_rooms_1,
          v_alt_pattern_1, nicolae_vaults_apartment_2, layout_vaults_big_cross
Depths:1: layout_roguey, pan_entry, minmay_misc_feat_cross, serial_shops, shop,
          hell_entry, drop_trap, minmay_misc_feat_pillars,
          nicolae_shop_fire_sale [nicolae_sub_dead_trees], interstate_on_off,
          chequers_serial_rivers_small_b, nicolae_yredelemnul_corpse_copse,
          serial_bayou_shore_a
Depths:2: hangedman_elemental_death_ray, layout_cave_pools, enter_ziggurat_e,
          abyss_entry_small_statue_room, nicolae_hell_entry_big_baal_hell,
          rand_demon_pan_entry_4, kiku_gazebo_pond_becter, uniq_vv
Depths:3: nicolae_fronds_of_death, layout_basic, abyss_entry_crystal,
          hell_entry, special_room [special_room_mythical_zoo],
          minmay_misc_feat_roman, grunt_decor_clamped,
          infiniplex_staircase_pillars_3b
Depths:4: grunt_crosshair, layout_cave_pools, ebering_ghost_gozag,
          cheibrodos_ashenzari_chains, grunt_mini_vestibule
Zot:1:    layout_concentric_octagons, skrybe_zot_glass_3, uniq_grunn
Zot:2:    layout_gridlike
Zot:3:    layout_cellular_growth
Zot:4:    layout_basic, guppyfry_library_mini
Zot:5:    layout_cellular_growth

Skill      XL: |  1  2  3  4  5  6  7  8  9 10 11 12 13 14 15 16 17 18 19 20 21 22 23 24 25 |
---------------+----------------------------------------------------------------------------+-----
Stealth        | 2 3 5 6 8 10 11 13 | 13.0
Short Blades   | 1 2 3 4 6 7 9 10 11 12 14 | 14.0
Fighting       | 3 5 6 9 10 12 13 15 | 15.6
Dodging        | 3 4 6 8 9 11 13 14 15 16 17 18 19 20 21 | 21.4
Evocations     | 3 4 5 6 8 9 10 12 14 | 14.7
Transmutations | 3 5 6 7 8 |  8.0
Fire Magic     | 3 4 5 |  5.0
Poison Magic   | 3 4 5 |  5.0
Invocations    | 1 5 8 11 13 14 15 17 19 20 21 | 21.0
Maces & Flails | 2 4 5 6 |  6.0
Shields        | 3 4 |  4.0
Earth Magic    | 3 4 7 |  7.0
Armour         | 3 5 8 |  8.0
Air Magic      | 4 |  4.0
Translocations | 1 4 |  4.0
Spellcasting   | |  5.4
Ice Magic      | |  3.0

Action                     |  1- 3 |  4- 6 |  7- 9 | 10-12 | 13-15 | 16-18 | 19-21 | 22-24 | 25-27 || total
---------------------------+-------+-------+-------+-------+-------+-------+-------+-------+-------++-------
  Melee: Dagger            |    85 |   139 |   368 |   634 |  1140 |   100 |       |       |       ||  2466
         Bite              |    25 |    42 |   132 |   254 |   541 |   718 |   601 |   585 |   190 ||  3088
         Whip              |       |       |       |       |    70 |   825 |       |       |       ||   895
         Rapier            |       |       |       |       |       |   583 |  1299 |  1107 |   333 ||  3322
  Throw: Dart              |       |       |       |     7 |     3 |     5 |     1 |       |       ||    16
         Throwing net      |       |       |       |       |       |       |       |     3 |       ||     3
   Cast: Freeze            |     4 |       |       |       |       |       |       |       |       ||     4
         Ignite Poison     |       |       |       |     4 |    39 |    66 |       |       |       ||   109
         Passwall          |       |       |       |       |       |     1 |       |     6 |       ||     7
         Wereblood         |       |       |       |       |       |       |    20 |    38 |    14 ||    72
 Invoke: Renounce Religion |     1 |       |       |       |       |       |       |       |       ||     1
         Grand Finale      |       |       |       |       |       |     2 |     1 |       |     1 ||     4
         Stomp             |       |       |       |       |       |       |     1 |       |       ||     1
         Line Pass         |       |       |       |       |       |       |       |     1 |       ||     1
  Evoke: Wand              |       |       |       |     2 |     4 |     6 |     6 |     2 |     2 ||    22
         Tin of tremorston |       |       |       |       |       |     4 |     1 |     1 |       ||     6
         Phantom mirror    |       |       |       |       |       |     2 |     1 |       |     2 ||     5
         Lightning rod     |       |       |       |       |       |       |       |     4 |       ||     4
    Use: Scroll            |       |     5 |       |    12 |    14 |     8 |    13 |     1 |     7 ||    60
         Potion            |       |       |       |     2 |       |     2 |       |     4 |     2 ||    10
   Stab: Sleeping          |     3 |     2 |     2 |     6 |    20 |    40 |    50 |    28 |     2 ||   153
         Paralysed         |       |       |       |    19 |    84 |    96 |   114 |    91 |    30 ||   434
         Distracted        |       |       |       |     2 |     5 |     8 |     8 |     5 |     2 ||    30
         Held in net/web   |       |       |       |       |       |     1 |       |     4 |       ||     5
         Invisible         |       |       |       |       |       |       |       |     6 |       ||     6
         Confused          |       |       |       |       |       |       |       |     2 |       ||     2
 Armour: Robe              |    18 |     1 |       |     9 |   104 |   274 |   136 |   105 |    33 ||   680
         Ring mail         |       |    32 |    57 |    17 |       |       |       |       |       ||   106
         Leather armour    |       |       |       |     8 |     3 |       |       |       |       ||    11
         Troll leather arm |       |       |       |    23 |       |       |       |       |       ||    23
         Scale mail        |       |       |       |       |    52 |     2 |       |       |       ||    54
         Swamp dragon scal |       |       |       |       |       |    79 |     8 |       |       ||    87
  Dodge: Dodged            |    35 |    31 |    80 |   198 |   528 |  1190 |   624 |   768 |   244 ||  3698
  Block: Buckler           |    20 |    67 |   121 |   163 |   393 |   775 |   395 |   311 |    77 ||  2322
         Reflection        |       |     2 |     1 |     4 |    20 |     7 |    21 |     6 |       ||    61

Table legend: (Time is in decaauts)
 A = Elapsed time spent in this place.
 B = Non-inter-level travel time spent in this place.
 C = Inter-level travel time spent in this place.
 D = Time resting spent in this place.
 E = Time spent auto-exploring this place.
 F = Levels seen in this place.
 G = Mean time per level.
                   A        B        C        D        E       F      G
               +--------+--------+--------+--------+--------+-----+--------+
         Total |  60564 |  53740 |   6824 |  10436 |  29147 |  60 | 1009.4 |
       Dungeon |  16624 |  13922 |   2702 |   1918 |   9058 |  15 | 1108.3 |
        Temple |    187 |    187 |      0 |      0 |    132 |   1 |  187.0 |
          Lair |   8642 |   7737 |    905 |   2202 |   3955 |   5 | 1728.4 |
         Swamp |   4726 |   4443 |    283 |   1241 |   1792 |   4 | 1181.5 |
   Spider Nest |   5425 |   5266 |    159 |   1003 |   2722 |   4 | 1356.2 |
  Orcish Mines |   2355 |   1652 |    703 |    298 |    807 |   2 | 1177.5 |
   Elven Halls |   3271 |   2930 |    341 |    378 |   1654 |   3 | 1090.3 |
        Vaults |   5569 |   4970 |    599 |    517 |   3566 |   4 | 1392.2 |
        Depths |   4805 |   4050 |    755 |    912 |   2238 |   4 | 1201.2 |
           Zot |   5348 |   4976 |    372 |   1334 |   2302 |   5 | 1069.6 |
         Abyss |    511 |    511 |      0 |      0 |      9 |   6 |   85.2 |
      Ziggurat |     97 |     97 |      0 |     11 |      0 |   3 |   32.3 |
      Ice Cave |    828 |    828 |      0 |    254 |    333 |   1 |  828.0 |
       Volcano |    313 |    313 |      0 |     37 |     78 |   1 |  313.0 |
    Desolation |   1117 |   1117 |      0 |    194 |    308 |   1 | 1117.0 |
      Gauntlet |    740 |    740 |      0 |    135 |    190 |   1 |  740.0 |
               +--------+--------+--------+--------+--------+-----+--------+

Top non-repeatable levels by time:
Spider:4: 2284 daAuts
  Lair:2: 2272 daAuts
  Lair:3: 1818 daAuts
   Zot:5: 1791 daAuts
    D:10: 1769 daAuts
   Orc:2: 1697 daAuts
  Lair:5: 1677 daAuts
 Swamp:2: 1625 daAuts
  Lair:1: 1614 daAuts
Depths:2: 1592 daAuts
Vaults:1: 1592 daAuts
    D:13: 1497 daAuts
Depths:1: 1481 daAuts
   Elf:3: 1477 daAuts
     D:5: 1457 daAuts
